AoeStats
← Valhalin

African Clearing

510909473Analyzed
4v4 RM · 18h ago on Oct 3, 2026· 54m 42s· 8 players
Game mode
Random Map
Map size
Large (8 player)
Population
200
Speed
Normal
Resources
Standard
Victory
Conquest
Starting age
Dark Age
Ending age
Imperial Age
RankedLock teamsTeams togetherTeam positionsShared explorationLock speedFull tech treeHidden civsTurbo modeCheats
Victory
Defeat
🇳🇿 Teutons · New Zealand
1286
+14
🇲🇽 Mongols · Mexico
1280
+14
🇨🇱 Persians · Chile
1272
+15
🇺🇸 Spanish · United States
1272
+15
🇨🇱 Mongols · Chile
1304
-17
🇨🇱 Magyars · Chile
1286
-16
🇨🇱 Berbers · Chile
1265
-15
🇦🇷 Danes · Argentina
1135
-10
Naco y Estúpido
12:22 Feudal Age
12:19 Loom
14:56 Double-Bit Axe
23:32 Castle Age
22:06 Fletching
22:16 Padded Archer Armor
22:29 Bloodlines
23:53 Stone Mining
24:41 Bodkin Arrow
25:01 Leather Archer Armor
24:50 Husbandry
25:26 Bow Saw
25:09 Gold Mining
25:54 Stone Shaft Mining
28:42 Fishing Lines
29:49 Gold Shaft Mining
33:12 Fortified Wall
35:00 Ballistics
38:06 Imperial Age
38:31 Imperial Age
37:07 Wheelbarrow
36:49 Masonry
39:44 Hand Cart
40:06 Bracer
39:28 Elite Mangudai
40:29 Conscription
41:21 Chemistry
40:27 Siege Engineers
46:11 Herbal Medicine
47:02 Gillnets
47:54 Onager
49:37 Siege Onager
Slayer
5:11 Loom
13:18 Feudal Age
17:50 Castle Age
17:20 Double-Bit Axe
23:52 Fletching
27:32 Bodkin Arrow
30:34 Padded Archer Armor
31:43 Elite Skirmisher
32:50 Leather Archer Armor
35:03 Ballistics
37:45 Thumb Ring
Koga
15:03 Feudal Age
13:22 Loom
15:09 Feudal Age
15:56 Double-Bit Axe
19:32 Castle Age
17:36 Stone Mining
17:31 Horse Collar
17:47 Gold Mining
18:00 Gold Mining
20:36 Forging
22:45 Bloodlines
23:29 Wheelbarrow
23:46 Bow Saw
28:17 Heavy Plow
32:15 Stone Shaft Mining
33:04 Hand Cart
34:14 Scale Barding Armor
37:48 Gold Shaft Mining
40:18 Imperial Age
39:15 Iron Casting
38:46 Husbandry
40:00 Chain Barding Armor
40:02 Cavalier
42:36 Plate Barding Armor
42:31 Conscription
42:43 Savar
45:00 Blast Furnace
44:39 Crop Rotation
47:47 Fletching
47:29 Heavy Scorpion
49:13 Chemistry
52:14 Bodkin Arrow
52:59 Ballistics
[OTM]thebearjew
7:21 Loom
14:30 Feudal Age
21:03 Castle Age
29:41 Wheelbarrow
29:29 Double-Bit Axe
33:22 Horse Collar
37:29 Gold Mining
39:25 Hand Cart
46:30 Imperial Age
44:49 Hand Cart
45:33 Bow Saw
45:25 Heavy Plow
45:50 Fletching
46:00 Scale Mail Armor
46:11 Forging
46:07 Padded Archer Armor
45:30 Pikeman
45:46 Elite Skirmisher
46:31 Squires
46:34 Bodkin Arrow
49:07 Halberdier
51:12 Elite Teutonic Knight
Valhalin
12:28 Feudal Age
14:57 Double-Bit Axe
15:48 Loom
17:31 Bloodlines
18:41 Scale Barding Armor
22:42 Wheelbarrow
25:24 Castle Age
23:24 Horse Collar
24:15 Stone Mining
25:02 Forging
28:29 Chain Barding Armor
29:23 Bow Saw
30:03 Town Watch
31:26 Iron Casting
31:44 Scale Mail Armor
32:36 Heavy Plow
33:32 Chain Mail Armor
33:46 Arson
34:55 Squires
35:32 Gambesons
35:59 Hamask
39:15 Town Patrol
40:04 Pikeman
42:43 Hand Cart
45:26 Imperial Age
46:29 Conscription
45:32 Halberdier
46:49 Plate Mail Armor
47:19 Blast Furnace
46:30 Elite Varangian Guard
48:04 Elite Varangian Guard
48:32 Elite Jomsviking
Loco Saiti
9:35 Loom
12:55 Feudal Age
13:31 Double-Bit Axe
25:20 Castle Age
23:28 Horse Collar
25:16 Wheelbarrow
26:10 Fletching
30:16 Padded Archer Armor
32:04 Ballistics
31:51 Bodkin Arrow
33:38 Leather Archer Armor
35:55 Nomads
36:14 Heavy Plow
36:26 Bow Saw
37:05 Gold Mining
38:53 Hand Cart
42:34 Imperial Age
41:44 Town Watch
42:41 Capped Ram
43:34 Siege Engineers
43:43 Bracer
46:14 Masonry
46:08 Heavy Scorpion
51:57 Chemistry
Dua Loopa [TsO]
4:40 Loom
13:32 Feudal Age
19:11 Castle Age
16:58 Double-Bit Axe
20:38 Padded Archer Armor
20:29 Fletching
22:12 Leather Archer Armor
21:52 Bodkin Arrow
44:08 Ballistics
44:10 Husbandry
44:21 Bloodlines
48:12 Imperial Age
47:32 Bow Saw
48:16 Kasbah
48:31 Elite Camel Archer
50:27 Bodkin Arrow
51:02 Ring Archer Armor
52:34 Wheelbarrow
52:54 Maghrebi Camels
TioNachoooi
6:06 Loom
11:58 Feudal Age
12:50 Double-Bit Axe
15:02 Scale Barding Armor
16:57 Bloodlines
32:03 Horse Collar
36:21 Castle Age
35:19 Wheelbarrow
36:27 Wheelbarrow
36:42 Gold Mining
37:22 Chain Barding Armor
37:04 Husbandry
50:44 Hand Cart
Connection lost

Rejoining the realm…

Still unreachable

The connection could not be restored.

Session expired

The server has moved on; the page needs a fresh start.